 Dungeon Crawl Stone Soup version 0.27-a0-1136-g0b992a5a9d (webtiles) character file.

Game seed: 15963766839821113018

287 Zeld the Chucker (level 6, 0/42 HPs)
             Began as an Octopode Fighter on May 4, 2021.
             Slain by an orc wizard
             ... wielding a +0 dagger
              (4 damage)
             ... on level 4 of the Dungeon.
             The game lasted 00:04:12 (3649 turns).

Zeld the Chucker (Octopode Fighter)                 Turns: 3649, Time: 00:04:13

Health: 0/42       AC:  1    Str: 17    XL:     6   Next: 30%
Magic:  6/6        EV: 11    Int: 10    God:
Gold:   136        SH:  9    Dex: 12    Spells: 5/5 levels left

rFire    . . .     SeeInvis .   a - +0 war axe
rCold    . . .     Faith    .   b - +0 kite shield
rNeg     . . .     Spirit   .   (helmet restricted)
rPois    .         Reflect  .   (no amulet)
rElec    .         Harm     .   q - ring of flight
rCorr    .         Rampage  .   s - ring of wizardry
Will     .....                  (no ring)
Stlth    ++........             (no ring)
HPRegen  0.14/turn              (no ring)
MPRegen  0.10/turn              (no ring)
                                (no ring)
                                (no ring)

@: flying
A: almost no armour, amphibious, 8 rings, camouflage 1, gelatinous body 1,
(nimble swimmer 1), tentacles
a: no special abilities


You were on level 4 of the Dungeon.
You visited 1 branch of the dungeon, and saw 4 of its levels.

You collected 136 gold pieces.

Inventory:

Hand Weapons
 a - a +0 war axe (weapon)
Missiles
 h - 6 boomerangs
 o - 8 silver javelins
 p - 6 poisoned darts (quivered)
Armour
 b - a +0 kite shield (worn)
Jewellery
 q - a ring of flight (left tentacle)
 s - a ring of wizardry (right tentacle)
Scrolls
 d - a scroll of vulnerability {unknown}
 e - a scroll of enchant weapon {unknown}
 g - a scroll of blinking {unknown}
 i - a scroll of fog {unknown}
 j - 3 scrolls of identify {unknown}
 m - a scroll of teleportation {unknown}
 r - a scroll of enchant armour {unknown}
Potions
 c - a potion of degeneration {unknown}
 f - 3 potions of heal wounds {unknown}
 k - a potion of ambrosia {unknown}
 l - a potion of magic {unknown}
 n - a potion of curing {unknown}


   Skills:
 - Level 3.4 Fighting
 - Level 2.5 Axes
 * Level 5.2 Throwing
 - Level 3.0 Dodging
 - Level 3.3 Shields


You had 5 spell levels left.
You didn't know any spells.
Your spell library was empty.

Dungeon Overview and Level Annotations

Branches:
Dungeon (4/15)
 Temple: D:4-7

Altars:
Elyvilon


Innate Abilities, Weirdness & Mutations

You cannot wear most types of armour.
You are amphibious.
You can wear up to eight rings at the same time.
Your skin changes colour to match your surroundings (Stealth+).
Your rubbery body absorbs attacks. (AC +1, EV +1)
((You are camouflaged near water. (Stealth+)))
You have tentacles for arms and can constrict up to eight enemies at once.


Message History

The orc wizard points at you and mumbles some strange words.
You resist with some effort.
You completely miss the orc wizard. Your grab misses the orc wizard.
You slash something! You constrict something.
Reactivating autopickup.
You feel a bit more experienced.
The orc wizard points at itself and mumbles some strange words.
The orc wizard flickers and vanishes!
Deactivating autopickup; reactivate with Ctrl-A.
No target in view!
No target in view!
Your shield prevents you from hitting something.
Something hits you. x2
Your shield prevents you from hitting something.
The orc shouts!
You squeeze something. Something hits you. x2
You miss something. You squeeze something.
You hear some strange, mumbled words.
A puff of flame appears from out of thin air!
The puff of flame hits you!
You slash something! Something hits you. Something barely misses you.
You closely miss something.
You hear some strange, mumbled words.
A puff of flame appears from out of thin air!
The puff of flame hits you!
* * * LOW HITPOINT WARNING * * *
You block something's attack.
Your shield prevents you from hitting the orc.
You grab the orc. You miss something. You constrict the orc.
The orc hits you with a +0 short sword.
* * * LOW HITPOINT WARNING * * *
Something hits you.
* * * LOW HITPOINT WARNING * * *
The orc barely misses you.
You hit the orc.
The orc is almost dead.
You closely miss something. You constrict the orc.
You kill the orc!
You block something's attack. Something hits you.
You die...

...################# ###
......)..........#.# #.#
##.#############.#.# #.# ##.#####
#........# #.# #### ........
#......#.# #.# #... <.......
#......#.# #.# #... ........
######.#.# #.# #... ........
#.#.######.# #... ##)#####
#@#........# #...
##.#############){........####...
...............#...#####..##.....
...###.........#..[# #..##.#...
#....#.........#...#####..##.###.
#....#.........#.......#..##.###.
#....#..........#[...............
....)#..........#..###.#####.####
...................# #.#####+####


There were no monsters in sight!

Vanquished Creatures
  A necrophage (D:4)
  A scorpion (D:2)
  An orc priest (D:3)
  An orc wizard (D:4)
  An adder (D:4)
  A worm (D:2)
  A dart slug (D:2)
  6 orcs
  6 bats
  8 endoplasms
  2 giant cockroaches
  9 goblins
  5 hobgoblins
  3 jackals (D:4)
  4 quokkas
  3 ball pythons
  8 kobolds
  5 rats
66 creatures vanquished.

Notes
Turn   | Place    | Note
-------+----------+-------------------------------------------
     0 | D:1      | Zeld the Octopode Fighter began the quest for the Orb.
     0 | D:1      | Reached XP level 1. HP: 16/16 MP: 1/1
    47 | D:1      | Found a faded altar of an unknown god.
    60 | D:1      | Reached XP level 2. HP: 13/21 MP: 2/2
   621 | D:1      | Reached XP level 3. HP: 25/26 MP: 3/3
  1237 | D:2      | Reached skill level 1 in Throwing
  1433 | D:2      | Noticed a scorpion
  1439 | D:2      | Killed a scorpion
  1440 | D:2      | Reached skill level 3 in Throwing
  1440 | D:2      | Reached XP level 4. HP: 29/31 MP: 4/4
  2077 | D:3      | Reached XP level 5. HP: 35/36 MP: 5/5
  2254 | D:3      | Found a white marble altar of Elyvilon.
  2701 | D:4      | Noticed a necrophage
  2708 | D:4      | Killed a necrophage
  2709 | D:4      | Reached skill level 4 in Throwing
  2709 | D:4      | Reached XP level 6. HP: 35/42 MP: 6/6
  3093 | D:4      | Reached skill level 5 in Throwing
  3649 | D:4      | Slain by an orc wizard

Illustrated notes

Levels and vault maps discovered:
D:1:      evilmike_arrival_home_sweet_home, layout_basic,
          hellmonk_ecumenical_altar_pennies_from_heaven
D:2:      layout_rooms
D:3:      layout_loops_ring, elyvilon_altar_5
D:4:      layout_basic

Skill      XL: |  1  2  3  4  5  6 |
---------------+-------------------+-----
Throwing       | 3 4 5 |  5.2
Fighting       | |  3.4
Axes           | |  2.5
Dodging        | |  3.0
Shields        | |  3.3

Action                   |  1- 3 |  4- 6 || total
-------------------------+-------+-------++-------
Melee: War axe           |    47 |    58 ||   105
       Constrict         |    13 |    17 ||    30
       Tentacles         |     6 |    13 ||    19
Throw: Boomerang         |     5 |       ||     5
  Use: Potion            |     1 |       ||     1
 Stab: Sleeping          |    10 |     3 ||    13
Armor: Skin              |     6 |     5 ||    11
Dodge: Dodged            |    17 |    19 ||    36
Block: Kite shield       |    19 |    25 ||    44

Table legend: (Time is in decaauts)
 A = Elapsed time spent in this place.
 B = Non-inter-level travel time spent in this place.
 C = Inter-level travel time spent in this place.
 D = Time resting spent in this place.
 E = Time spent auto-exploring this place.
 F = Levels seen in this place.
 G = Mean time per level.
                   A        B        C        D        E       F      G
               +--------+--------+--------+--------+--------+-----+--------+
         Total |   3715 |   3646 |     69 |    545 |   2617 |   4 |  928.8 |
       Dungeon |   3715 |   3646 |     69 |    545 |   2617 |   4 |  928.8 |
               +--------+--------+--------+--------+--------+-----+--------+

Top non-repeatable levels by time:
     D:3: 1446 daAuts
     D:1: 991 daAuts
     D:4: 668 daAuts
     D:2: 608 daAuts
